 Dungeon Crawl Stone Soup version 0.29-a0-320-g9f8742066b (webtiles) character file.

Game seed: 11269667471942564611

200 SkeletonJelly the Twirler (level 5, 0/47 HPs)
             Began as a Minotaur Gladiator on Apr 3, 2022.
             Succumbed to an adder's poison
             ... on level 4 of the Dungeon.
             The game lasted 00:05:28 (2722 turns).

SkeletonJelly the Twirler (Minotaur Gladiator)      Turns: 2722, Time: 00:05:29

Health: 0/47       AC:  4    Str: 21    XL:     5   Next: 49%
Magic:  4/4        EV: 12    Int:  5    God:
Gold:   136        SH:  0    Dex: 11    Spells: 4/4 levels left

rFire   . . .      SeeInvis .   a - +0 quarterstaff
rCold   . . .      Faith    .   (shield currently unavailable)
rNeg    . . .      Spirit   .   b - +0 leather armour
rPois   .          Reflect  .   c - +0 hat
rElec   .          Harm     .   (no cloak)
rCorr   .          Rampage  .   l - +0 pair of gloves
Will    .....                   (no boots)
Stlth   +.........              (no amulet)
HPRegen 0.15/turn               (no ring)
MPRegen 0.09/turn               (no ring)

@: lethally poisoned (0 -> -6)
A: horns 2, retaliatory headbutt
a: no special abilities


You were on level 4 of the Dungeon.
You visited 1 branch of the dungeon, and saw 4 of its levels.

You collected 136 gold pieces.

Inventory:

Hand Weapons
 a - a +0 quarterstaff (weapon)
 k - a +0 vorpal war axe
Missiles
 d - 3 throwing nets (quivered)
 e - a javelin
Armour
 b - a +0 leather armour (worn)
 c - a +0 hat (worn)
 l - a +0 pair of gloves (worn)
Scrolls
 f - a scroll of fear {unknown}
 h - 5 scrolls of identify {unknown}
 i - a scroll of immolation {unknown}
 j - a scroll of enchant armour {unknown}
 m - a scroll of enchant weapon {unknown}
Potions
 g - a potion of curing {unknown}


   Skills:
 * Level 4.7 Fighting
 * Level 5.5 Staves
 - Level 2.0 Throwing
 + Level 2.6 Armour
 - Level 3.2 Dodging


You had 4 spell levels left.
You didn't know any spells.
Your spell library was empty.

Dungeon Overview and Level Annotations

Branches:
Dungeon (4/15)
 Temple: D:4-7

Altars:
Wu Jian

Annotations:
D:3 2 transporters, IdlyInterested's ghost, amateur DsGl


Innate Abilities, Weirdness & Mutations

You have a pair of horns on your head.
You reflexively headbutt those who attack you in melee.


Message History

No target in view!
No target in view!
A ball python comes into view.
The ball python hisses angrily.
Health restored: 47 A ball python is nearby!
A ball python is nearby!
A ball python is nearby!
A ball python is nearby!
A ball python is nearby!
You sock the ball python!
You kill the ball python!
A hobgoblin comes into view.
The hobgoblin shouts!
You hear a bark!
An orc wizard comes into view. It is wielding a +1 dagger of draining.
The orc wizard shouts!
The orc wizard casts a spell.
The orc wizard flickers and vanishes!
Deactivating autopickup; reactivate with Ctrl-A.
A hound comes into view.
An orc comes into view.
It is wielding a +1 falchion of holy wrath.
The hobgoblin hits you.
An adder comes into view.
You see here a wand of acid (8).
You take 1 damage, and have 46/47 hp.
The orc shouts!
You sock the hobgoblin!
You kill the hobgoblin!
You closely miss the hound. The hound bites you.
An orc priest comes into view. It is wielding a +0 whip.
The adder closely misses you. The hound bites you but does no damage.
You take 1 damage, and have 45/47 hp.
You closely miss the hound.
The orc priest shouts!
The adder closely misses you. You furiously retaliate!
You headbutt the adder, but do no damage.
The hound misses you. You furiously retaliate!
You headbutt the hound. You miss the hound.
The hound is lightly wounded.
The adder barely misses you. The hound barely misses you.
You furiously retaliate!
You headbutt the hound.
The orc priest invokes the aid of Beogh against you.
Beogh smites you! The adder closely misses you. You furiously retaliate!
You headbutt the adder! The hound bites you but does no damage.
You hear an angry hiss.
You take 14 damage, and have 31/47 hp.
MASSIVE DAMAGE!!
You barely miss the adder. Your headbutt misses the adder.
The adder is severely wounded.
The hound barely misses you. The adder barely misses you.
You hit the adder but do no damage.
The adder is severely wounded.
The hound bites you.
The orc priest looks encouraged for a moment.
The adder barely misses you. You furiously retaliate!
You headbutt the adder, but do no damage.
The hound misses you.
You barely miss the adder.
The adder is severely wounded.
The adder closely misses you.
An iguana comes into view.
The hound bites you. The adder misses you.
You take 1 damage, and have 30/47 hp.
The adder attacks as you move away! The adder barely misses you.
The hound attacks as you move away! The hound closely misses you.
The hound bites you.
The orc priest calls down the wrath of Beogh upon you.
Beogh smites you!
You take 10 damage, and have 20/47 hp.
MASSIVE DAMAGE!!
The adder attacks as you move away! The adder bites you but does no damage.
The hound misses you. The hound attacks as you move away!
The hound barely misses you. The hound completely misses you.
You sock the hound!
The hound is almost dead.
The hound closely misses you. The hound bites you but does no damage.
You sock the hound!
You kill the hound!
The adder barely misses you.
You closely miss the adder.
The adder is severely wounded.
The adder bites you.
You are poisoned.
The adder poisons you!
You take 1 damage, and have 20/47 hp.
You hit the adder.
The adder is almost dead.
You feel sick. The adder bites you.
You are more poisoned.
The adder poisons you! The adder barely misses you.
You take 3 damage, and have 17/47 hp.
You miss the adder.
The adder is almost dead.
You feel sick. The adder closely misses you.
The orc priest calls down the wrath of Beogh upon you.
Beogh smites you!
* * * LOW HITPOINT WARNING * * *
You take 16 damage, and have 1/47 hp.
MASSIVE DAMAGE!!
You hit the adder.
You kill the adder!
You die...

##...#.#
....... #
##.....### #.
........
.#..l..# #
......
#.###..#
..#...#.l#####
#...../o{.@.#
#.....#.o###.#
....###..# .#
#.. #..###..
## #....####
#.##.# #.##.#
#.##.#
#.##.######.


You could see an iguana, an orc priest and an orc.

Vanquished Creatures
  A bullfrog (D:4)
  A hound (D:4)
  5 adders
  2 dart slugs
  6 orcs (D:3)
  3 ball pythons
  6 endoplasms
  2 giant cockroaches (D:3)
  7 goblins
  6 hobgoblins
  2 jackals (D:3)
  3 kobolds
  3 quokkas (D:2)
  10 bats
  A frilled lizard (D:1)
  4 rats
62 creatures vanquished.

Notes
Turn   | Place    | Note
-------+----------+-------------------------------------------
     0 | D:1      | SkeletonJelly the Minotaur Gladiator began the quest for
                  | the Orb.
     0 | D:1      | Reached XP level 1. HP: 18/18 MP: 0/0
   242 | D:1      | Reached XP level 2. HP: 18/25 MP: 1/1
   243 | D:1      | Reached skill level 4 in Staves
   721 | D:2      | Reached skill level 1 in Armour
   852 | D:2      | Reached XP level 3. HP: 28/31 MP: 2/2
  1358 | D:3      | Found a transporter.
  1360 | D:3      | Noticed IdlyInterested's ghost (amateur DsGl)
  1361 | D:3      | Found a transporter.
  1456 | D:3      | Reached XP level 4. HP: 38/40 MP: 3/3
  1936 | D:3      | Found a faded altar of an unknown god.
  1994 | D:3      | Reached skill level 5 in Staves
  2236 | D:3      | Found an ornate altar of the Wu Jian Council.
  2359 | D:4      | Noticed a bullfrog
  2364 | D:4      | Killed a bullfrog
  2365 | D:4      | Reached XP level 5. HP: 38/47 MP: 4/4
  2477 | D:4      | Noticed an ogre
  2721 | D:4      | HP: 1/47 [orc priest/divine providence (14)]
  2722 | D:4      | Succumbed to an adder's poison

Illustrated notes

Levels and vault maps discovered:
D:1:      dpeg_arrival_pits, layout_rooms, serial_forest,
          infiniplex_forest_clump_C, infiniplex_forest_lined_room_3,
          infiniplex_forest_zigzag_2, infiniplex_forest_straight_2,
          infiniplex_forest_corner_1, infiniplex_forest_straight_2,
          infiniplex_forest_join, infiniplex_forest_straight_3,
          infiniplex_forest_straight_5
D:2:      layout_basic
D:3:      layout_basic, pdpol_wu_jian_five_deadly_venoms,
          ebering_ecumenical_altar_rust, gammafunk_ghost_mausoleum,
          solitary_fountain
D:4:      layout_loops_ring, nicolae_ru_awakened_eye,
          amethyst_overflow_temple_binary, uniq_sigmund

Skill      XL: |  1  2  3  4 |
---------------+-------------+-----
Staves         | 4 5 |  5.5
Fighting       | 3 4 |  4.7
Armour         | 1 2 |  2.6
Throwing       | |  2.0
Dodging        | |  3.2

Action                   |  1- 3 |  4- 6 || total
-------------------------+-------+-------++-------
Melee: Quarterstaff      |    62 |    46 ||   108
       Headbutt          |    10 |     3 ||    13
Armor: Leather armour    |    18 |    11 ||    29
Dodge: Dodged            |    39 |    41 ||    80

Table legend: (Time is in decaauts)
 A = Elapsed time spent in this place.
 B = Non-inter-level travel time spent in this place.
 C = Inter-level travel time spent in this place.
 D = Time resting spent in this place.
 E = Time spent auto-exploring this place.
 F = Levels seen in this place.
 G = Mean time per level.
                   A        B        C        D        E       F      G
               +--------+--------+--------+--------+--------+-----+--------+
         Total |   2730 |   2592 |    138 |      0 |   2197 |   4 |  682.5 |
       Dungeon |   2730 |   2592 |    138 |      0 |   2197 |   4 |  682.5 |
               +--------+--------+--------+--------+--------+-----+--------+

Top non-repeatable levels by time:
     D:3: 1161 daAuts
     D:1: 689 daAuts
     D:2: 585 daAuts
     D:4: 294 daAuts
